 Dungeon Crawl Stone Soup version 0.29-a0-1039-gfc20370e89 (webtiles) character file.

Game seed: 11050207179913766583

11069 Ijustatesigmund the Thaumaturge (level 11, 0/61 HPs)
             Began as a Deep Elf Earth Elementalist on Aug 15, 2022.
             Slain by a seven-headed hydra (5 damage)
             ... on level 9 of the Dungeon.
             The game lasted 00:28:44 (13102 turns).

Ijustatesigmund the Thaumaturge (DEEE)             Turns: 13102, Time: 00:28:46

Health: 0/61       AC: 10    Str:  5    XL:     11   Next: 44%
Magic:  17/29      EV: 14    Int: 35    God:
Gold:   773        SH:  0    Dex: 15    Spells: 22/35 levels left

rFire   . . .      SeeInvis +   N - +10 spear of the Gazing Gods {venom, Int+4 Stlth+}
rCold   . . .      Faith    .   (no shield)
rNeg    . . .      Spirit   .   a - +0 robe
rPois   .          Reflect  .   m - +1 helmet
rElec   .          Harm     .   u - +2 cloak
rCorr   .          Rampage  .   z - +2 pair of gloves
Will    +....                   (no boots)
Stlth   ++++......              D - amulet of regeneration
HPRegen 1.00/turn               i - ring of see invisible
MPRegen 0.21/turn               j - +6 ring of intelligence

@: no status effects
A: no striking features
a: no special abilities


You were on level 9 of the Dungeon.
You visited 1 branch of the dungeon, and saw 10 of its levels.

You collected 829 gold pieces.
You spent 56 gold pieces at shops.

Inventory:

Hand Weapons
 c - a +3 vampiric rapier
 n - a +5 vorpal flail
 N - the +10 spear of the Gazing Gods (weapon) {venom, Int+4 Stlth+}
   (You took it off an orc on level 9 of the Dungeon)

   It poisons the flesh of those it strikes.
   Int:       It affects your intelligence (+4).
   Stlth:     It makes you more stealthy.
Missiles
 l - a throwing net
Armour
 a - a +0 robe (worn)
 f - a scarf of resistance
 m - a +1 helmet (worn)
 u - a +2 cloak (worn)
 z - a +2 pair of gloves (worn)
Magical Staves
 C - a staff of fire
Jewellery
 i - a ring of see invisible (left hand)
 j - a +6 ring of intelligence (right hand)
 p - a ring of poison resistance
 v - a ring of protection from cold
 D - an amulet of regeneration (around neck)
 J - a ring of positive energy
Wands
 y - a wand of flame (33)
 F - a wand of charming (5)
 I - a wand of iceblast (20)
Scrolls
 e - 4 scrolls of teleportation
 w - 3 scrolls of identify
 E - a scroll of vulnerability {unknown}
 G - 2 scrolls of poison {unknown}
 H - a scroll of enchant weapon
 M - a scroll of noise {unknown}
 O - a scroll of amnesia
Potions
 b - a potion of magic
 d - 2 potions of ambrosia
 g - a potion of heal wounds
 h - 5 potions of curing
 k - a potion of might
 o - 2 potions of invisibility
 q - 2 potions of brilliance
 r - 2 potions of lignification
 s - 2 potions of resistance
 t - a potion of flight
 x - 6 potions of attraction
 A - a potion of haste {unknown}
 B - 2 potions of degeneration
 K - a potion of mutation {unknown}
 L - a potion of cancellation {unknown}


   Skills:
 - Level 4.0 Fighting
 - Level 3.4 Short Blades
 + Level 1.0 Polearms
 + Level 2.2 Armour
 - Level 6.0 Dodging
 - Level 5.0 Stealth
 + Level 12.8 Spellcasting
 + Level 6.4 Conjurations
 - Level 7.9 Transmutations
 - Level 3.0 Air Magic
 - Level 7.9 Earth Magic
 - Level 3.5 Poison Magic


You had 22 spell levels left.
You knew the following spells:

 Your Spells              Type           Power      Damage    Failure   Level
a - Sandblast             Erth           100%       2d20      1%          1
b - Stone Arrow           Conj/Erth      100%       3d13      1%          3
c - Passwall              Tmut/Erth      55%        N/A       1%          2
d - Petrify               Tmut/Erth      67%        N/A       1%          4
e - Mephitic Cloud        Conj/Pois/Air  52%        N/A       1%          3

Your spell library contained the following spells:

 Spells                   Type           Power      Damage    Failure   Level
 Magic Dart               Conj           100%       1d8       1%          1
 Necrotise                Necr           88%        1d8       1%          1
 Slow                     Hex            88%        N/A       1%          1
 Call Imp                 Summ           22%        N/A       2%          2
 Confusing Touch          Hex            22%        N/A       5%          3
 Vampiric Draining        Necr           22%        2d7       5%          3
 Corpse Rot               Necr/Pois/Air  37%        N/A       8%          4
 Malign Gateway           Summ/Tloc      11%        N/A       100%        7
 Ozocubu's Refrigeration  Ice            11%        4d9       100%        7
 Summon Horrible Things   Summ           11%        N/A       100%        8


Dungeon Overview and Level Annotations

Branches:
Dungeon (10/15)            Temple (0/1) D:6            Lair (0/5) D:9
    Orc: D:9-12

Altars:
Ashenzari
Cheibriados
Kikubaaqudgha
Nemelex Xobeh
Okawaru
Sif Muna
Trog
Wu Jian
Xom
Yredelemnul

Shops:
D:5 [   D:7 !

Annotations:
D:10 2 runed translucent doors, Plasmagod's ghost, journeyman MiFi


Message History

Confirm with . or Enter, or press ? or * to list all spells.
Aiming: Stone Arrow (safe; 1% risk of failure)
Press: ? - help, Shift-Dir - straight line, f/p - seven-headed hydra
Aim: a seven-headed hydra (heavily wounded, 92% to hit)
The stone arrow misses the seven-headed hydra.
The seven-headed hydra bites you but does no damage.
The seven-headed hydra bites you!
The seven-headed hydra bites you but does no damage.
The seven-headed hydra barely misses you.
The seven-headed hydra closely misses you.
The seven-headed hydra bites you.
The seven-headed hydra barely misses you.
Casting: Stone Arrow (safe; 1% risk of failure)
Confirm with . or Enter, or press ? or * to list all spells.
Aiming: Stone Arrow (safe; 1% risk of failure)
Press: ? - help, Shift-Dir - straight line, f/p - seven-headed hydra
Aim: a seven-headed hydra (heavily wounded, 92% to hit)
The stone arrow hits the seven-headed hydra!!
The seven-headed hydra is severely wounded.
The seven-headed hydra bites you but does no damage.
The seven-headed hydra closely misses you. x2
The seven-headed hydra bites you but does no damage. x2
The seven-headed hydra misses you.
The seven-headed hydra completely misses you.
Casting: Stone Arrow (safe; 1% risk of failure)
Confirm with . or Enter, or press ? or * to list all spells.
Aiming: Stone Arrow (safe; 1% risk of failure)
Press: ? - help, Shift-Dir - straight line, f/p - seven-headed hydra
Aim: a seven-headed hydra (severely wounded, 92% to hit)
The stone arrow hits the seven-headed hydra!
The seven-headed hydra is almost dead.
The seven-headed hydra barely misses you.
The seven-headed hydra bites you!
* * * LOW HITPOINT WARNING * * *
The seven-headed hydra bites you but does no damage.
The seven-headed hydra bites you!
* * * LOW HITPOINT WARNING * * *
The seven-headed hydra bites you but does no damage.
The seven-headed hydra bites you.
You die...

#............##.....#
#............##.###.#
#............##.# #.#
##########.)).........##.###.#
.....<................'.....>#
#####.####............##.#####
#.# ##########........# #.#
#......#..........# #.#
#......#@#........# #.#
#...####D####.....# #.#
#...#≈≈≈h≈≈≈#.....# ## #.#
#...#≈.$...≈#.....# .# #)#
#...#≈.≈⌠≈.≈#.....# .# #.#
#...#≈.≈≈≈.≈#.....# .# #.#
#..<#≈.≈⌠≈.≈#.....# .# #.#
#...#≈.....≈####.## .# #.#
#...#≈≈≈≈≈≈≈# #.#


You could see a seven-headed hydra and a howler monkey.

Vanquished Creatures
  A hydra (D:9)
  2 centaur warriors (D:8)
  A two-headed ogre (D:9)
  A manticore (D:8)
  2 ugly things
  2 unseen horror zombies (D:8)
  3 kobold demonologists
  A troll (D:8)
  A slime creature (D:8)
  A vampire (D:8)
  A shadow (D:9)
  3 yaks (D:8)
  2 wyverns
  Eustachio (D:4)
  A basilisk (D:8)
  2 steam dragons (D:8)
  Menkaure (D:5)
  2 wargs (D:9)
  A water moccasin (D:6)
  2 hornet zombies (D:8)
  Duvessa (D:6)
  2 ice beasts
  A sky beast (D:8)
  4 orc warriors
  3 ogres
  3 centaurs
  Blork the orc (D:4)
  5 kobold brigands
  A necrophage (D:7)
  A bullfrog (D:7)
  3 scorpions
  A wyvern zombie (D:8)
  4 wights (D:8)
  Dowan (D:6)
  6 killer bees
  A howler monkey (D:8)
  4 crimson imps (D:6)
  2 centaur zombies (D:8)
  6 orc priests
  3 hounds
  A jelly (D:7)
  Jessica (D:3)
  5 iguanas
  4 orc wizards
  Terence (D:2)
  A killer bee zombie (D:8)
  A howler monkey zombie (D:8)
  Robin (D:2)
  3 gnolls
  5 adders
  2 shadow imps
  2 white imps
  An ufetubus (D:5)
  3 worms
  6 dart slugs
  15 orcs
  11 ball pythons
  9 endoplasms
  4 giant cockroaches
  18 goblins
  14 hobgoblins
  8 jackals
  3 quokkas
  8 bats
  5 frilled lizards
  22 kobolds
  2 rats
240 creatures vanquished.

Vanquished Creatures (others)
  7 fungi (D:9)
  A plant (D:9)
  5 toadstools (D:9)
13 creatures vanquished.

Grand Total: 253 creatures vanquished

Notes
Turn   | Place    | Note
-------+----------+-------------------------------------------
     0 | D:1      | Ijustatesigmund the Deep Elf Earth Elementalist began the
                  | quest for the Orb.
     0 | D:1      | Reached XP level 1. HP: 10/10 MP: 6/6
   126 | D:1      | Reached XP level 2. HP: 7/15 MP: 3/8
   551 | D:1      | Found a faded altar of an unknown god.
   636 | D:1      | Reached skill level 4 in Spellcasting
   674 | D:1      | Reached XP level 3. HP: 19/19 MP: 2/10
   678 | D:1      | Learned a level 3 spell: Stone Arrow
   681 | D:1      | Learned a level 2 spell: Passwall
  1195 | D:2      | Reached skill level 1 in Conjurations
  1480 | D:1      | Reached XP level 4. HP: 24/24 MP: 8/12
  1672 | D:2      | Noticed Robin
  1977 | D:2      | Reached skill level 5 in Spellcasting
  2137 | D:2      | Killed Robin
  2541 | D:2      | Noticed Terence
  2604 | D:2      | Killed Terence
  2605 | D:2      | Reached XP level 5. HP: 28/28 MP: 10/14
  3703 | D:3      | Reached skill level 6 in Spellcasting
  4015 | D:3      | Noticed Jessica
  4017 | D:3      | Killed Jessica
  4018 | D:3      | Reached XP level 6. HP: 32/32 MP: 13/17
  4608 | D:4      | Noticed Blork the orc
  4614 | D:4      | Killed Blork the orc
  4859 | D:4      | Reached skill level 1 in Fighting
  4859 | D:4      | Reached skill level 1 in Short Blades
  4929 | D:4      | Reached skill level 7 in Spellcasting
  4929 | D:4      | Reached XP level 7. HP: 38/38 MP: 8/19
  5028 | D:4      | Noticed Eustachio
  5219 | D:4      | Killed Eustachio
  5286 | D:4      | Found an ancient bone altar of Kikubaaqudgha.
  5286 | D:4      | Found a shimmering blue altar of Sif Muna.
  5870 | D:5      | Entered Level 5 of the Dungeon
  5905 | D:5      | Found Jofi's Antique Armour Boutique.
  6028 | D:5      | Reached skill level 5 in Conjurations
  6033 | D:5      | Learned a level 4 spell: Petrify
  6555 | D:5      | Noticed Menkaure
  6559 | D:5      | Killed Menkaure
  6746 | D:6      | Reached skill level 8 in Spellcasting
  6758 | D:6      | Found a staircase to the Ecumenical Temple.
  6789 | D:6      | Noticed Dowan
  6792 | D:6      | Reached XP level 8. HP: 44/44 MP: 18/22
  6792 | D:6      | Noticed Duvessa
  6794 | D:6      | Killed Dowan
  6799 | D:6      | Killed Duvessa
  7015 | D:6      | Found a broken altar of Ashenzari.
  7247 | D:6      | Found an iron altar of Okawaru.
  7354 | D:6      | Reached skill level 5 in Dodging
  7354 | D:6      | Reached skill level 9 in Spellcasting
  7431 | D:6      | Found a shimmering altar of Xom.
  7845 | D:7      | Found Tuamu's Distillery.
  7887 | D:7      | Bought a potion of degeneration for 14 gold pieces
  7887 | D:7      | Bought a potion of curing for 42 gold pieces
  8093 | D:7      | Reached XP level 9. HP: 48/48 MP: 17/24
  8240 | D:7      | Reached skill level 5 in Transmutations
  8512 | D:8      | Reached skill level 5 in Earth Magic
  8637 | D:8      | Found a basalt altar of Yredelemnul.
  8783 | D:8      | Reached skill level 10 in Spellcasting
  8877 | D:8      | Found an ancient bone altar of Kikubaaqudgha.
  8878 | D:8      | Found an ancient bone altar of Kikubaaqudgha.
  8879 | D:8      | Found a bloodstained altar of Trog.
  8879 | D:8      | Found a sparkling altar of Nemelex Xobeh.
  9090 | D:8      | Reached skill level 5 in Stealth
  9308 | D:8      | Reached XP level 10. HP: 54/54 MP: 17/26
  9328 | D:8      | Reached skill level 11 in Spellcasting
  9346 | D:8      | Noticed a centaur warrior
  9439 | D:8      | Noticed a cyan ugly thing
  9567 | D:8      | Killed a cyan ugly thing
  9731 | D:8      | Killed a centaur warrior
  9949 | D:8      | Noticed a centaur warrior
 10067 | D:8      | Killed a centaur warrior
 10107 | D:8      | Learned a level 3 spell: Mephitic Cloud
 10116 | D:8      | Reached skill level 12 in Spellcasting
 10259 | D:8      | Reached skill level 1 in Air Magic
 10259 | D:8      | Reached skill level 1 in Poison Magic
 10281 | D:8      | Got the Textbook on the Snowflakes and Despicable Liturgies
 10592 | D:8      | Noticed a manticore
 10600 | D:8      | Killed a manticore
 10868 | D:9      | Noticed an eight-headed hydra
 10872 | D:9      | Killed an eight-headed hydra
 10873 | D:9      | Reached XP level 11. HP: 61/61 MP: 19/29
 11039 | D:9      | Noticed a soul eater
 11044 | D:9      | Reached skill level 1 in Armour
 11048 | D:9      | HP: 1/59 [kobold demonologist/+1 dagger of pain (3)]
 11052 | D:10     | Entered Level 10 of the Dungeon
 11052 | D:10     | Found a large runed translucent door.
 11052 | D:10     | Found a large runed translucent door.
 11249 | D:10     | Noticed Plasmagod's ghost (journeyman MiFi)
 11266 | D:10     | Noticed a purple ugly thing
 11275 | D:10     | Killed a purple ugly thing
 11539 | D:10     | Found a snail-covered altar of Cheibriados.
 11539 | D:10     | Found an ornate altar of the Wu Jian Council.
 12200 | D:9      | Identified the +10 spear of the Gazing Gods {venom, Int+4
                  | Stlth+}
 12215 | D:9      | Found a staircase to the Lair.
 12490 | D:9      | Noticed a two-headed ogre
 12505 | D:9      | Killed a two-headed ogre
 12629 | D:9      | Reached skill level 1 in Polearms
 13096 | D:9      | Noticed a seven-headed hydra
 13102 | D:9      | Slain by a seven-headed hydra

Illustrated notes

Levels and vault maps discovered:
D:1:      heliophobic_arrival_henge, layout_rooms,
          shapermc_ecumenical_altar_pompeii, minmay_octomino_j4
D:2:      layout_loops_corners, uniq_terence, uniq_robin
D:3:      layout_loops_corners, eino_curves_02, mrwooster_statue_mirror,
          uniq_jessica
D:4:      layout_basic, gammafunk_temple_overflow_pools, uniq_eustachio,
          uniq_blork_the_orc
D:5:      layout_basic, serial_shops, nicolae_shop_overgrown_old_shop,
          uniq_menkaure
D:6:      layout_rooms, mainiacjoe_overflow_surrounded_room,
          nicolae_ashenzari_panopticon, led_xom_imps,
          minmay_temple_entry_arrows, uniq_duvessa
D:7:      layout_basic, serial_shops,
          nicolae_shop_temple_entry_statues_fountains
D:8:      minmay_the_grid_octo_2x2 [minmay_the_grid_octo_horde,
          minmay_the_grid_octo_77, minmay_the_grid_octo_shrine,
          minmay_the_grid_octo_prize_big_c], layout_loops_ring,
          nicolae_yredelemnul_corpse_copse, amcnicky_mini_rare_corridor_liquid
D:9:      layout_basic, erik_lair_orcish_takeover, minmay_gold_behind_fungi,
          minmay_misc_feat_encased, kennysheep_generic_room_11
D:10:     layout_irregular_city, mainiacjoe_overflow_divided_tiny,
          ebering_ghost_disaster_area

Skill      XL: |  1  2  3  4  5  6  7  8  9 10 11 |
---------------+----------------------------------+-----
Spellcasting   | 4 5 6 7 8 9 10 12 | 12.8
Earth Magic    | 4 6 7 |  7.9
Conjurations   | 1 2 3 4 5 6 |  6.4
Fighting       | 1 2 4 |  4.0
Short Blades   | 1 2 3 |  3.4
Dodging        | 3 5 6 |  6.0
Transmutations | 2 4 6 7 |  7.9
Stealth        | 5 |  5.0
Air Magic      | 2 3 |  3.0
Poison Magic   | 2 3 |  3.5
Armour         | 2 |  2.2
Polearms       | 1 |  1.0

Action                   |  1- 3 |  4- 6 |  7- 9 | 10-12 || total
-------------------------+-------+-------+-------+-------++-------
Melee: Dagger            |       |    28 |       |       ||    28
       Flail             |       |     3 |       |       ||     3
       Rapier            |       |    29 |   127 |    96 ||   252
       Punch             |       |       |     3 |     5 ||     8
       Spear             |       |       |       |    29 ||    29
 Cast: Sandblast         |    55 |    60 |    17 |     3 ||   135
       Stone Arrow       |     1 |    16 |    90 |    78 ||   185
       Passwall          |       |       |     1 |     2 ||     3
       Petrify           |       |       |     6 |     7 ||    13
       Mephitic Cloud    |       |       |       |     1 ||     1
Evoke: Wand              |       |       |       |     1 ||     1
  Use: Potion            |       |     2 |       |     7 ||     9
       Scroll            |       |    10 |     9 |     2 ||    21
 Stab: Sleeping          |       |     2 |     1 |     3 ||     6
       Petrified         |       |       |    25 |    22 ||    47
       Petrifying        |       |       |     1 |       ||     1
       Distracted        |       |       |       |     1 ||     1
Armor: Robe              |     8 |    24 |    75 |    59 ||   166
Dodge: Dodged            |    22 |    75 |   113 |   121 ||   331

Table legend: (Time is in decaauts)
 A = Elapsed time spent in this place.
 B = Non-inter-level travel time spent in this place.
 C = Inter-level travel time spent in this place.
 D = Time resting spent in this place.
 E = Time spent auto-exploring this place.
 F = Levels seen in this place.
 G = Mean time per level.
                   A        B        C        D        E       F      G
               +--------+--------+--------+--------+--------+-----+--------+
         Total |  13271 |  13053 |    218 |   3927 |   7065 |  10 | 1327.1 |
       Dungeon |  13271 |  13053 |    218 |   3927 |   7065 |  10 | 1327.1 |
               +--------+--------+--------+--------+--------+-----+--------+

Top non-repeatable levels by time:
     D:8: 2256 daAuts
     D:1: 2068 daAuts
     D:4: 1351 daAuts
     D:3: 1293 daAuts
     D:2: 1283 daAuts
     D:9: 1279 daAuts
     D:6: 1055 daAuts
    D:10: 977 daAuts
     D:7: 886 daAuts
     D:5: 819 daAuts
